 Dungeon Crawl Stone Soup version 0.26-a0-64-g059e62fbdb (webtiles) character file.

Game seed: 7559852251608235594

15395 Gargoyl the Cleaver (level 12, -9/151 HPs)
             Began as a Centaur Abyssal Knight on June 10, 2020.
             Was a High Priest of Lugonu.
             Mangled by a black mamba (16 damage)
             ... on level 2 of the Lair of Beasts.
             The game lasted 00:20:08 (16330 turns).

Gargoyl the Cleaver (Centaur Abyssal Knight)       Turns: 16330, Time: 00:20:08

Health: -9/151     AC: 19    Str: 17    XL:     12   Next: 0%
Magic:  18/18      EV: 12    Int: 11    God:    Lugonu [*****.]
Gold:   736        SH:  0    Dex: 14    Spells: 11/11 levels left

rFire    + . .     SeeInvis .   a - +3 hand axe
rCold    . . .     Gourm    .   (no shield)
rNeg     . . .     Faith    .   x - +3 leather armour {rF+}
rPois    .         Spirit   .   u - +2 hat
rElec    .         Reflect  .   D - +0 cloak
rCorr    .         Harm     .   e - +2 pair of gloves
MR       +....     Clarity  +   C - +0 centaur barding
Stlth    ..........             I - amulet of regeneration
HPRegen  0.75/turn              t - ring of protection from magic
MPRegen  0.16/turn              y - +4 ring of slaying

@: confused, berserking, lethally poisoned (-9 -> -20), hasted, very quick
A: large, hooves 3, agile 1, clarity, deformed body, speed 2, tough skin 3
a: Depart the Abyss, Bend Space, Banish, Corrupt, Enter the Abyss, Renounce
Religion


You were on level 2 of the Lair of Beasts.
You worshipped Lugonu.
Lugonu was extremely pleased with you.
You were not hungry.

You visited 2 branches of the dungeon, and saw 12 of its levels.
You visited the Abyss 1 time.

You collected 736 gold pieces.

Inventory:

Hand Weapons
 a - a +3 hand axe (weapon)
 G - a +3 scimitar of flaming
Armour
 e - a +2 pair of gloves (worn)
 u - a +2 hat (worn)
 x - a +3 leather armour of fire resistance (worn)
 C - a +0 centaur barding (worn)
 D - a +0 cloak (worn)
Jewellery
 j - an uncursed ring of protection from cold
 r - an uncursed ring of protection from magic
 t - a ring of protection from magic (left hand)
 y - a +4 ring of slaying (right hand)
 I - an amulet of regeneration (around neck)
Wands
 k - a wand of paralysis (3)
 l - a wand of acid (7)
 p - a wand of flame (31)
 w - a wand of iceblast (8)
 z - a wand of random effects (16)
 H - a wand of enslavement (5)
 K - a wand of clouds (8)
Scrolls
 b - 3 scrolls of remove curse
 g - 3 scrolls of identify
 m - 10 scrolls of teleportation
 s - 2 scrolls of immolation
 v - 2 scrolls of enchant armour
 N - a scroll of blinking
Potions
 d - 2 potions of resistance
 f - a potion of degeneration
 h - a potion of invisibility
 i - a potion of lignification
 o - a potion of berserk rage
 q - a potion of cancellation
 A - a potion of mutation
 E - 3 potions of flight
Miscellaneous
 J - a lightning rod (4/4)
Comestibles
 c - 20 rations
 L - 9 chunks of flesh


   Skills:
 + Level 7.9 Fighting
 + Level 10.2 Axes
 * Level 6.1 Armour
 * Level 7.7 Dodging
 * Level 8.6 Invocations
 + Level 0.5 Evocations


You had 11 spell levels left.
You didn't know any spells.
Your spell library contained the following spells:

 Spells                   Type           Power        Failure   Level  Hunger
 Animate Skeleton         Necr           N/A          38%         1    ##.....
 Apportation              Tloc           #.....       38%         1    ##.....
 Corona                   Hex            #......      38%         1    ##.....
 Infusion                 Chrm           #...         38%         1    ##.....
 Summon Small Mammal      Summ           #...         38%         1    ##.....
 Shroud of Golubria       Chrm/Tloc      #.....       54%         2    ###....
 Song of Slaying          Chrm           #.......     54%         2    ###....
 Mephitic Cloud           Conj/Pois/Air  #.......     77%         3    ####...
 Ozocubu's Armour         Chrm/Ice       #.......     77%         3    ####...
 Spectral Weapon          Hex/Chrm       #.......     77%         3    ####...
 Metabolic Englaciation   Hex/Ice        #.........   100%        5    ######.
 Yara's Violent Unravell  Hex/Tmut       #.........   100%        5    ######.
 Eringya's Noxious Bog    Tmut/Pois      #.........   100%        6    #######


Dungeon Overview and Level Annotations

Branches:
Dungeon (9/15)             Temple (0/1) D:4            Lair (3/6) D:8
  Swamp: Lair:2-4    Shoals: Lair:2-4     Snake: Lair:2-4    Spider: Lair:2-4
    Orc: D:9-12

Altars:
Ashenzari
Cheibriados
Elyvilon
Fedhas
Gozag
Kikubaaqudgha
Okawaru
Qazlal
Sif Muna

Shops:
D:5 =   D:6 %


Innate Abilities, Weirdness & Mutations

You have hooves in place of feet.
Armour fits poorly on your strangely shaped body.
You cover ground very quickly.
You have extremely tough skin. (AC +3)
You are agile. (Dex +2)
You possess an exceptional clarity of mind.


Message History

You feel yourself moving faster!
You feel mighty!
* * * LOW HITPOINT WARNING * * *
You feel sick. The black mamba bites you.
* * * LOW HITPOINT WARNING * * *
You slash the black mamba!
The black mamba is almost dead.
* * * LOW HITPOINT WARNING * * *
You feel sick. The black mamba misses you.
You bump into the rock wall.
* * * LOW HITPOINT WARNING * * *
You feel sick. The black mamba closely misses you.
You closely miss the black mamba.
The black mamba is almost dead.
* * * LOW HITPOINT WARNING * * *
You feel sick.
The black mamba bites you but does no damage.
You're too confused to move!
* * * LOW HITPOINT WARNING * * *
You feel sick. The black mamba bites you!
You die...

###..........#....###
#..P##....#.#...##
##........^.......#
#................##
##.................#
###..................#
####.#............#...#.#
#....#.##.........#...#.##
##.>....##@......##.8....##
#......YS##P....#....###.#
#####.....##...##...## ###
##.#..............##
#..##.....8....##..##
#######.......##....#
##.8...8......## ####
####............##
######..#####..#....8.....#.#####


You could see a black mamba and a yak.

Vanquished Creatures
  Harold (D:7)
  Erica (D:8)
  2 two-headed ogres
  A death yak (D:7)
  An ugly thing (D:9)
  Joseph (D:7)
  Psyche (D:8)
  4 spiny frogs (Lair:1)
  A rime drake (Lair:1)
  2 komodo dragons (Lair:2)
  A hippogriff (D:8)
  2 wyverns
  18 yaks
  2 hogs (D:9)
  A human (D:9)
  3 basilisks
  Duvessa (D:5)
  4 water moccasins
  4 porcupines
  A black bear (Lair:1)
  2 sky beasts
  6 wolves (Lair:1)
  5 centaurs
  7 ogres
  4 crocodiles
  Blork the orc (D:5)
  7 bullfrogs
  Dowan (D:5)
  4 scorpions
  A wight (D:5)
  2 killer bees (D:9)
  2 howler monkeys
  3 jellies
  4 crimson imps (D:6)
  4 quasits
  A centaur zombie (D:6)
  A gnoll shaman (D:9)
  4 hounds
  An orc priest (D:7)
  5 orc wizards
  2 bullfrog skeletons
  Ijyb (D:3)
  An iguana (D:5)
  4 worker ants
  A howler monkey zombie (D:5)
  A worker ant zombie (D:9)
  12 gnolls
  11 adders
  4 shadow imps
  An ooze (D:2)
  4 worms
  2 dart slugs
  2 leopard geckos
  18 orcs
  2 ball pythons
  6 bats
  5 giant cockroaches
  6 goblins
  5 hobgoblins
  9 jackals
  6 kobolds
  4 quokkas
  6 frilled lizards
  A jackal skeleton (D:4)
  A leopard gecko zombie (D:7)
  5 rats
  A fungus (Lair:2)
238 creatures vanquished.

Vanquished Creatures (others)
  A fungus (D:8)
1 creature vanquished.

Grand Total: 239 creatures vanquished

Notes
Turn   | Place    | Note
-------+----------+-------------------------------------------
     0 | Abyss:1  | Gargoyl the Centaur Abyssal Knight began the quest for the
                  | Orb.
     0 | Abyss:1  | Reached XP level 1. HP: 19/19 MP: 2/2
   113 | Abyss:1  | Noticed a smoke demon
   114 | D:1      | Escaped the Abyss
   286 | D:1      | Reached * piety under Lugonu
   339 | D:1      | Reached XP level 2. HP: 18/26 MP: 3/3
   341 | D:1      | Reached skill level 2 in Axes
   467 | D:1      | Reached skill level 1 in Dodging
   647 | D:1      | Reached XP level 3. HP: 27/31 MP: 4/4
  1581 | D:2      | Reached ** piety under Lugonu
  2120 | D:2      | Reached XP level 4. HP: 38/38 MP: 4/6
  2804 | D:2      | Found a faded altar of an unknown god.
  2884 | D:2      | Reached XP level 5. HP: 31/45 MP: 7/7
  3364 | D:3      | Noticed Ijyb
  3412 | D:3      | Killed Ijyb
  3412 | D:3      | Reached skill level 3 in Axes
  4093 | D:3      | Found a snail-covered altar of Cheibriados.
  4363 | D:4      | Reached XP level 6. HP: 39/52 MP: 8/8
  4469 | D:4      | Reached *** piety under Lugonu
  5216 | D:4      | Found a staircase to the Ecumenical Temple.
  5435 | D:5      | Entered Level 5 of the Dungeon
  5444 | D:5      | Noticed Blork the orc
  5466 | D:5      | Killed Blork the orc
  5574 | D:5      | Noticed Duvessa
  5575 | D:5      | Noticed Dowan
  5604 | D:5      | Killed Dowan
  5604 | D:5      | Reached XP level 7. HP: 50/59 MP: 9/9
  5609 | D:5      | HP: 3/88 [Duvessa/+0 rapier (8)]
  5629 | D:5      | Killed Duvessa
  5858 | D:5      | Found Lesejer's Jewellery Emporium.
  5893 | D:5      | Reached skill level 4 in Axes
  6005 | D:5      | Found a stormy altar of Qazlal.
  6020 | D:5      | Found a transporter.
  6742 | D:5      | Found an ancient bone altar of Kikubaaqudgha.
  6743 | D:5      | Found a blossoming altar of Fedhas.
  6955 | D:5      | Found a transporter.
  7076 | D:5      | Found a shimmering blue altar of Sif Muna.
  7170 | D:5      | Reached XP level 8. HP: 66/67 MP: 11/11
  7615 | D:6      | Reached skill level 5 in Axes
  8126 | D:6      | Found Fafenoyl's Food Emporium.
  8189 | D:6      | Reached skill level 5 in Invocations
  8659 | D:7      | Noticed Joseph
  8687 | D:7      | Killed Joseph
  8687 | D:7      | Reached skill level 5 in Fighting
  8687 | D:7      | Reached skill level 6 in Axes
  8687 | D:7      | Reached XP level 9. HP: 55/74 MP: 11/13
  9040 | D:7      | Noticed Harold
  9086 | D:7      | Killed Harold
  9408 | D:7      | Reached skill level 5 in Dodging
  9945 | D:8      | Noticed Psyche
  9959 | D:8      | HP: 6/166 [Psyche/+1 dagger of chaos (17)]
  9962 | D:8      | Killed Psyche
 10314 | D:8      | Reached skill level 7 in Axes
 10318 | D:8      | Reached **** piety under Lugonu
 10447 | D:8      | Noticed a two-headed ogre
 10671 | D:8      | Killed a two-headed ogre
 10671 | D:8      | Reached XP level 10. HP: 39/83 MP: 14/14
 11123 | D:8      | Noticed Erica
 11123 | D:8      | Noticed a death yak
 11145 | D:8      | Killed Erica
 11145 | D:8      | Reached skill level 5 in Armour
 11438 | D:8      | Found a staircase to the Lair.
 11456 | D:8      | Reached skill level 8 in Axes
 11566 | D:7      | Killed a death yak
 12107 | D:8      | Identified the Disquisition on Glamour and Poison
 12245 | D:8      | Found a white marble altar of Elyvilon.
 12439 | D:9      | Found an iron altar of Okawaru.
 12771 | D:9      | Noticed a two-headed ogre
 12796 | D:9      | Killed a two-headed ogre
 12796 | D:9      | Reached XP level 11. HP: 83/91 MP: 16/16
 12830 | D:9      | Reached skill level 9 in Axes
 13299 | D:9      | Noticed a green ugly thing
 13324 | D:9      | Killed a green ugly thing
 13582 | D:9      | Found an opulent altar of Gozag.
 13589 | D:9      | Found a shattered altar of Ashenzari.
 13627 | D:9      | Found a snail-covered altar of Cheibriados.
 14119 | Lair:1   | Entered Level 1 of the Lair of Beasts
 14573 | Lair:1   | Reached ***** piety under Lugonu
 15694 | Lair:2   | Reached skill level 10 in Axes
 16157 | Lair:3   | Noticed a four-headed hydra
 16254 | Lair:2   | Banished a four-headed hydra
 16280 | Lair:2   | Reached XP level 12. HP: 91/101 MP: 16/18
 16320 | Lair:2   | HP: 3/101 [black mamba (18)]
 16323 | Lair:2   | Gained mutation: You are agile. (Dex +2) [potion of
                  | mutation]
 16323 | Lair:2   | Gained mutation: You possess an exceptional clarity of
                  | mind. [potion of mutation]
 16325 | Lair:2   | HP: 5/101 [poisoned by a black mamba]
 16330 | Lair:2   | HP: 7/151 [poisoned by a black mamba]
 16330 | Lair:2   | Mangled by a black mamba

Illustrated notes

Levels and vault maps discovered:
D:1:      minmay_arrival_checkered_box, layout_basic, minmay_shallow_snake_nest
D:2:      layout_basic, chequers_ecumenical_altar_simple_redux,
          corexii_corridor_pit, minmay_distorted
D:3:      layout_loops_corners, marbit_many_paths, uniq_ijyb
D:4:      layout_basic, lemuel_temple_firewalk_b, serial_glass, glass_columns_a,
          glass_columns_b, glass_columns_a, glass_columns_a, first_ration
D:5:      layout_cave_pools, grunt_temple_overflow_growth_and_decay,
          gammafunk_temple_overflow_arena, serial_shops,
          nicolae_shop_competitors_out_of_business, grunt_decor_clamped,
          tgw_sif, uniq_duvessa
D:6:      layout_basic, serial_shops, nicolae_shop_waterfront,
          lemuel_old_faithful
D:7:      layout_gridville, uniq_joseph, uniq_harold
D:8:      layout_loops_ring, lemuel_coloured_pillars_altar, david_lair_generic,
          uniq_erica, uniq_psyche
D:9:      cheibrodos_barr_body, layout_loops_ring, okawaru_gym_becter,
          gammafunk_temple_overflow_statue, basic_altar, grunt_livestock
Lair:1:   layout_long_grid, grunt_megastairs_5
Lair:2:   layout_cave_shapes, infiniplex_staircase_pool, grunt_megastairs_4,
          lemuel_fruit_fields
Lair:3:   layout_gridlike, guppyfry_snake_entry_garden,
          nicolae_volcano_entry_lava_flow, serial_forest,
          infiniplex_forest_straight_2, infiniplex_forest_lined_3_way,
          infiniplex_forest_lined_1, infiniplex_forest_clump_small,
          infiniplex_forest_clump_small, infiniplex_forest_straight_4,
          infiniplex_forest_lined_2

Skill      XL: |  1  2  3  4  5  6  7  8  9 10 11 |
---------------+----------------------------------+-----
Axes           | 2 3 4 6 7 8 10 | 10.2
Dodging        | 1 2 3 4 5 6 7 |  7.7
Armour         | 2 3 4 5 6 |  6.1
Invocations    | 3 4 5 6 7 8 |  8.6
Fighting       | 4 5 6 7 |  7.9
Evocations     | |  0.5

Action                   |  1- 3 |  4- 6 |  7- 9 | 10-12 || total
-------------------------+-------+-------+-------+-------++-------
Melee: Hand axe          |   111 |   200 |   370 |   547 ||  1228
       Kick              |     9 |    44 |    86 |   156 ||   295
Invok: Depart the Abyss  |     1 |       |       |       ||     1
       Bend Space        |       |       |       |     1 ||     1
       Banish            |       |       |       |     1 ||     1
Evoke: Wand              |       |     1 |     2 |     4 ||     7
  Use: Potion            |     1 |     2 |    10 |     6 ||    19
       Scroll            |     1 |    11 |     4 |     6 ||    22
 Stab: Paralysed         |       |       |       |     4 ||     4
  Eat: Chunk             |     2 |    10 |    12 |    12 ||    36
       Ration            |       |       |     1 |     1 ||     2
Armor: Leather armour    |    34 |    79 |   197 |   252 ||   562
       Chain mail        |    49 |    78 |       |       ||   127
       Skin              |       |    18 |    41 |       ||    59
Dodge: Dodged            |    53 |    68 |   151 |   229 ||   501

Table legend:
 A = Non-vault XP
 B = Vault XP
 C = Vault XP percentage of total XP
 D = Non-vault monster count
 E = Vault monster count
 F = Vault count percentage of total count
                 A         B        C        D         E       F
            +---------+---------+-------+---------+---------+-------
      Total |   15302 |    6692 |  30.4 |     200 |      38 |  16.0
            +---------+---------+-------+---------+---------+-------
        D:1 |      60 |       2 |   3.2 |      27 |       1 |   3.6
        D:2 |     131 |      14 |   9.7 |      25 |       2 |   7.4
        D:3 |      28 |      49 |  63.6 |      10 |       2 |  16.7
        D:4 |     300 |       0 |   0.0 |      17 |       0 |   0.0
        D:5 |     519 |     430 |  45.3 |      12 |       6 |  33.3
        D:6 |     885 |       0 |   0.0 |      15 |       0 |   0.0
        D:7 |     426 |    2299 |  84.4 |      16 |       3 |  15.8
        D:8 |    2835 |    1944 |  40.7 |      17 |       5 |  22.7
        D:9 |    2280 |    1676 |  42.4 |      21 |      17 |  44.7
     Lair:1 |    4846 |     278 |   5.4 |      25 |       2 |   7.4
     Lair:2 |    2992 |       0 |   0.0 |      15 |       0 |   0.0
            +---------+---------+-------+---------+---------+-------
